Map: Bel'Shir Vestige LE (Void)

Players

Strange - Winner!

  • Race: Protoss Protoss
  • League: Grandmaster
  • Spawn Location: 5:00

Railgan

  • Race: Zerg Zerg
  • League: Grandmaster
  • Spawn Location: 11:00

VOD

Have the link to the VOD?

Description

Time

  • Played on: March 24, 2017, 7:55 p.m.
  • Length: 9:49
Show
View Real Time Build Order
Export as new Build Order

Strange Protoss - Winner!

Build Orders: 1 Gate Expand, Phoenix Opening 

Get SALT Encoding   

  12  0:01  Probe (Chrono Boost)  
  13  0:11  Probe (Chrono Boost)  
  14  0:19  Pylon  
  14  0:22  Probe (Chrono Boost)  
  15  0:38  Probe (Chrono Boost)  
  15  0:39  Gateway  
  16  0:48  Probe (Chrono Boost)  
  17  0:59  Probe (Chrono Boost)  
  17  1:00  Assimilator  
  18  1:09  Probe (Chrono Boost)  
  19  1:20  Nexus  
  19  1:22  Probe (Chrono Boost)  
  20  1:32  Cybernetics Core  
  20  1:36  Probe (Chrono Boost)  
  21  1:43  Assimilator  
  21  1:47  Probe (Chrono Boost)  
  21  1:51  Pylon  
  22  1:57  Probe (Chrono Boost)  
  23  2:04  Warp Gate  
  23  2:06  Adept  
  23  2:11  Probe (Chrono Boost)  
  27  2:23  Probe (Chrono Boost)  
  27  2:29  Adept  
  27  2:32  Probe (Chrono Boost)  
  27  2:35  Probe (Chrono Boost)  
  31  2:43  Probe (Chrono Boost)  
  32  2:46  Stargate  
  32  2:47  Probe (Chrono Boost)  
  33  2:53  Probe (Chrono Boost)  
  33  2:58  Probe (Chrono Boost)  
  35  3:03  Gateway  
  35  3:04  Mothership Core (Chrono Boost)  
  37  3:07  Gateway  
  37  3:08  Probe (Chrono Boost)  
  38  3:19  Probe (Chrono Boost)  
  37  3:22  Pylon  
  37  3:23  Probe (Chrono Boost)  
  37  3:26  Phoenix  
  38  3:31  Probe (Chrono Boost)  
  42  3:35  Probe (Chrono Boost)  
  42  3:39  Pylon  
  42  3:43  Probe (Chrono Boost)  
  42  3:47  Probe (Chrono Boost)  
  42  3:48  Phoenix  
  44  3:55  Probe (Chrono Boost)  
  47  4:00  Probe (Chrono Boost)  
  48  4:07  Probe (Chrono Boost)  
  48  4:08  Adept  
  48  4:09  Adept x2  
  52  4:12  Probe (Chrono Boost)  
  53  4:19  Probe (Chrono Boost)  
  54  4:24  Probe (Chrono Boost)  
  54  4:30  Phoenix  
  54  4:31  Assimilator  
  54  4:35  Assimilator  
  56  4:40  Probe x2 (Chrono Boost)  
  58  4:49  Forge  
  58  4:52  Probe (Chrono Boost), Phoenix  
  60  4:53  Pylon, Probe (Chrono Boost)  
  62  5:05  Nexus  
  62  5:08  Pylon  
  62  5:11  Pylon, Protoss Ground Weapons Level 1  
  62  5:13  Probe x2 (Chrono Boost)  
  64  5:16  Robotics Facility  
  64  5:27  Zealot, Sentry x2  
  70  5:32  Probe (Chrono Boost)  
  70  5:33  Probe (Chrono Boost)  
  72  5:40  Twilight Council  
  73  5:44  Probe (Chrono Boost)  
  73  5:45  Probe (Chrono Boost)  
  74  5:50  Pylon  
  74  5:56  Probe (Chrono Boost)  
  76  5:57  Probe (Chrono Boost)  
  76  6:01  Observer  
  77  6:08  Probe (Chrono Boost)  
  77  6:09  Gateway, Probe (Chrono Boost)  
  77  6:10  Gateway  
  79  6:12  Gateway  
  79  6:14  Stalker, Gateway, Sentry x2  
  79  6:17  Blink  
  79  6:18  Probe (Chrono Boost)  
  87  6:20  Probe (Chrono Boost)  
  87  6:21  Probe (Chrono Boost)  
  88  6:32  Probe (Chrono Boost)  
  89  6:34  Immortal  
  89  6:38  Photon Cannon  
  93  6:41  Photon Cannon  
  93  6:42  Pylon  
  93  6:46  Sentry  
  91  6:52  Adept x2  
  90  7:05  Gateway  
  90  7:09  Mothership Core (Chrono Boost)  
  90  7:10  Stalker x3  
  90  7:11  Stalker  
  82  7:28  Zealot x3  
  82  7:32  Immortal  
  82  7:34  Cybernetics Core  
  82  7:39  Stalker x3  
  86  7:44  Assimilator  
  86  7:46  Assimilator  
  86  7:47  Probe (Chrono Boost)  
  86  7:48  Photon Cannon, Probe (Chrono Boost)  
  86  7:49  Pylon, Photon Cannon  
  86  7:51  Pylon  
  88  7:52  Zealot x3  
  88  7:54  Probe (Chrono Boost)  
  97  8:00  Probe x2 (Chrono Boost)  
  97  8:05  Probe (Chrono Boost)  
  98  8:09  Photon Cannon  
  98  8:10  Sentry x2  
  86  8:25  Stalker x5  
  86  8:39  Immortal  
  80  8:44  Probe x2 (Chrono Boost)  
  84  8:50  Stalker x3  
  84  8:51  Stalker x3  
  96  9:09  Sentry  
  98  9:17  Gateway  
  98  9:20  Stalker x2, Sentry x2  
  108  9:26  Zealot  
  108  9:28  Stalker  
  112  9:31  Pylon  
  112  9:33  Pylon  
Show
View Real Time Build Order
Export as new Build Order

Railgan Zerg 

Build Orders: Pool First 

Get SALT Encoding   

  12  0:01  Drone  
  13  0:13  Overlord  
  13  0:17  Drone  
  14  0:31  Drone x2  
  14  0:35  Drone  
  17  0:47  Drone, Spawning Pool  
  18  0:57  Drone  
  18  1:11  Extractor, Hatchery  
  18  1:15  Drone  
  18  1:18  Drone  
  18  1:29  Drone  
  19  1:34  Queen  
  19  1:39  Zergling x2  
  22  1:50  Overlord  
  22  2:09  Drone  
  22  2:10  Queen  
  22  2:15  Drone  
  26  2:20  Metabolic Boost  
  26  2:22  Queen  
  26  2:23  Drone  
  26  2:24  Drone  
  30  2:34  Drone  
  30  2:36  Overlord  
  31  2:43  Zergling x4  
  32  2:45  Drone, Zergling x2  
  32  2:50  Zergling x2  
  35  2:53  Evolution Chamber  
  35  2:56  Drone  
  35  2:57  Drone  
  36  3:06  Overlord  
  36  3:17  Drone  
  36  3:18  Drone  
  38  3:22  Zerg Melee Weapons Level 1  
  38  3:23  Drone x3  
  41  3:28  Drone x2  
  41  3:31  Overlord  
  41  3:32  Drone x2  
  45  3:38  Lair  
  46  3:41  Drone x2  
  46  3:46  Extractor  
  46  3:48  Extractor  
  45  3:49  Drone x2  
  45  3:55  Spore Crawler  
  46  3:57  Spore Crawler  
  45  4:11  Drone x2, Overlord  
  45  4:12  Drone  
  45  4:14  Drone  
  48  4:20  Drone  
  48  4:21  Drone  
  49  4:29  Drone  
  49  4:30  Drone  
  49  4:31  Drone x2  
  51  4:39  Hatchery  
  51  4:41  Hydralisk Den  
  51  4:43  Drone x2  
  51  4:47  Baneling Nest  
  51  4:50  Zergling x2  
  51  4:51  Zergling x8  
  55  4:59  Overlord  
  55  5:01  Extractor  
  55  5:03  Overlord  
  54  5:11  Muscular Augments  
  54  5:12  Overlord  
  54  5:20  Drone x2  
  56  5:24  Zerg Missile Weapons Level 1  
  56  5:28  Hydralisk x4  
  56  5:30  Hydralisk  
  56  5:34  Overlord  
  65  5:43  Hydralisk x2  
  65  5:45  Hydralisk  
  65  5:46  Overlord, Zergling x2  
  65  5:47  Overlord  
  65  5:48  Zergling x2  
  68  5:58  Drone  
  68  6:01  Drone  
  68  6:03  Hydralisk x2  
  74  6:12  Hydralisk  
  74  6:13  Hydralisk x2  
  74  6:14  Zergling x6  
  74  6:15  Zergling x2  
  74  6:17  Zergling x2  
  74  6:18  Zergling x2  
  86  6:22  Overlord, Zergling x2  
  86  6:25  Zergling x2  
  86  6:30  Zergling x2  
  86  6:32  Baneling x6, Overlord  
  87  6:36  Zergling x2  
  87  6:38  Baneling x2  
  88  6:54  Hydralisk x2  
  80  6:59  Hydralisk  
  84  7:02  Zergling x2  
  85  7:09  Hydralisk  
  85  7:10  Zergling x18  
  85  7:11  Overlord  
  86  7:29  Hydralisk x4  
  84  7:30  Zergling x2  
  84  7:31  Zergling x6  
  90  7:39  Zergling x2  
  90  7:42  Zergling x2  
  90  7:43  Zergling x4  
  91  7:46  Baneling x6  
  91  7:51  Hydralisk  
  91  7:53  Zergling x2  
  91  7:55  Zergling x2  
  95  8:01  Hydralisk  
  95  8:03  Zergling x12  
  95  8:05  Baneling x2  
  99  8:10  Zergling x4  
  86  8:22  Hydralisk  
  86  8:23  Hydralisk x2  
  86  8:24  Zergling x6  
  81  8:38  Zergling x2  
  67  8:44  Hydralisk x3  
  67  8:48  Hydralisk  
  68  8:50  Zergling x12  
  68  8:55  Hydralisk  
  74  8:57  Drone  
  74  9:00  Zergling x2  
  78  9:03  Hydralisk  
  78  9:06  Hydralisk  
  78  9:09  Hydralisk  
  84  9:12  Hydralisk  
  85  9:17  Hydralisk  
  87  9:24  Hydralisk  
Tags
 
Add a new tag
Caveats
  • Supply blocks, unpowered buildings, or Contaminate may cause inaccurate times.
  • Supply counts are checked every 10 seconds.